 Dungeon Crawl Stone Soup version 0.19.1 (webtiles) character file.

464 Pytinka the Cudgeler (level 6, -1/53 HPs)
             Began as a Minotaur Fighter on Dec 23, 2016.
             Killed from afar by an orc wizard (10 damage)
             ... with a puff of flame
             ... on level 4 of the Dungeon.
             The game lasted 00:07:58 (3854 turns).

Pytinka the Cudgeler (Minotaur Fighter)             Turns: 3854, Time: 00:07:59

Health: -1/53      AC:  8    Str: 22    XL:     6   Next: 80%
Magic:  5/5        EV:  8    Int:  5    God:
Gold:   152        SH: 10    Dex: 10    Spells: 0 memorised, 5 levels left

rFire  . . .     SeeInvis .     a - +0 flail
rCold  . . .     Gourm    .     b - +0 scale mail
rNeg   . . .     Faith    .     c - +0 shield
rPois  .         Spirit   .     (helmet restricted)
rElec  .         Reflect  .     (no cloak)
rCorr  .         Harm     .     (no gloves)
MR     .....                    o - +0 pair of boots
Stlth  ..........               (no amulet)
                                (no ring)
                                (no ring)

@: no status effects
A: retaliatory headbutt, horns 2
a: no special abilities


You were on level 4 of the Dungeon.
You were not hungry.

You visited 1 branch of the dungeon, and saw 5 of its levels.

You collected 152 gold pieces.

Inventory:

Hand Weapons
 a - a +0 flail (weapon)
Missiles
 t - 3 tomahawks (quivered)
Armour
 b - a +0 scale mail (worn)
 c - a +0 shield (worn)
 o - a +0 pair of boots (worn)
Jewellery
 k - an uncursed ring of protection from cold {unknown}
 u - a cursed -4 ring of dexterity {unknown}
Scrolls
 d - 4 scrolls of recharging
 e - a scroll of magic mapping {unknown}
 g - 3 scrolls of identify
 h - a scroll of blinking {unknown}
 j - a scroll of teleportation {unknown}
 l - 2 scrolls of noise {unknown}
 m - a scroll of enchant armour {unknown}
Potions
 i - a potion of lignification
 n - a potion of magic {unknown}
 p - a potion of cancellation {unknown}
Comestibles
 f - 2 bread rations
 q - a beef jerky
 r - 4 fruits


   Skills:
 + Level 4.6 Fighting
 * Level 6.5 Maces & Flails
 + Level 5.0 Armour
 + Level 0.9 Dodging
 + Level 1.0 Stealth
 + Level 4.9 Shields


You had 5 spell levels left.
You didn't know any spells.

Dungeon Overview and Level Annotations

Branches:
Dungeon (5/15)             Temple (0/1) D:4

Altars:
Elyvilon
Sif Muna

Annotations:
D:5 Sigmund


Innate Abilities, Weirdness & Mutations

You reflexively headbutt those who attack you in melee.
You have a pair of horns on your head.


Message History

The magic dart hits you!
* * * LOW HITPOINT WARNING * * *
Things that are here:
a dagger; a ring mail; an orc corpse You hear some strange, mumbled words.
Something tries to affect you, but you resist.
A magic dart appears from out of thin air!
The magic dart hits you!
* * * LOW HITPOINT WARNING * * *
An orc wizard appears from thin air!
Reactivating autopickup.
The orc wizard points at you and mumbles some strange words.
You resist with some effort.
An adder comes into view.
The adder hisses angrily.
You completely miss the adder. The adder bites you.
* * * LOW HITPOINT WARNING * * *
The orc wizard gestures at you while chanting.
The puff of flame hits you!
You die...

### #.###### #......#
#.####.# #.#
#.################ #.#
#.S@..o..........#
#.#################.###
### #.#......# #.# ..#
#.#.####.# #.# #.#
#.#.# #.# ########{#
#.# #.#.# #.#
#.....##.#
#.#######.#.####.#
#.###.##.#
#.........#......# #.#
#.##.#
###############..###.#
#.##.#


You could see an orc wizard and an adder.

Vanquished Creatures
  A phantom (D:4)
  A howler monkey (D:4)
  3 orc priests
  An orc wizard (D:4)
  Jessica (D:3)
  Ijyb (D:3)
  5 adders
  2 river rats (D:3)
  An adder skeleton (D:4)
  2 worms
  2 dart slugs
  4 leopard geckos
  10 orcs
  9 bats
  6 giant cockroaches
  6 goblins
  9 hobgoblins
  11 jackals
  3 frilled lizards
  4 kobolds
  7 rats
89 creatures vanquished.

Notes
Turn   | Place    | Note
-------+----------+-------------------------------------------
     0 | D:1      | Pytinka the Minotaur Fighter began the quest for the Orb.
     0 | D:1      | Reached XP level 1. HP: 19/19 MP: 0/0
   174 | D:1      | Reached XP level 2. HP: 27/27 MP: 1/1
   580 | D:2      | Reached skill level 3 in Maces & Flails
   639 | D:2      | Reached XP level 3. HP: 32/33 MP: 2/2
  1092 | D:2      | Found a deep blue altar of Sif Muna.
  1620 | D:3      | Reached XP level 4. HP: 40/40 MP: 3/3
  1731 | D:3      | Reached skill level 4 in Maces & Flails
  1732 | D:3      | Reached XP level 5. HP: 12/47 MP: 4/4
  1846 | D:3      | Found a white marble altar of Elyvilon.
  2248 | D:3      | Noticed Ijyb
  2255 | D:3      | Killed Ijyb
  2288 | D:3      | Reached skill level 5 in Maces & Flails
  2432 | D:3      | Noticed Jessica
  2445 | D:3      | Killed Jessica
  2614 | D:4      | Reached XP level 6. HP: 53/53 MP: 5/5
  2818 | D:4      | Reached skill level 6 in Maces & Flails
  3148 | D:4      | Reached skill level 1 in Stealth
  3160 | D:4      | Reached skill level 5 in Armour
  3319 | D:4      | Found a staircase to the Ecumenical Temple.
  3795 | D:5      | Entered Level 5 of the Dungeon
  3797 | D:5      | Noticed Sigmund
  3854 | D:4      | Killed from afar by an orc wizard

Skill      XL: |  1  2  3  4  5  6 |
---------------+-------------------+-----
Armour         | 4 5 |  5.0
Fighting       | 4 |  4.6
Maces & Flails | 3 4 5 6 |  6.5
Shields        | 4 |  4.9
Stealth        | 1 |  1.0
Dodging        | |  0.9

Action                   |  1- 3 |  4- 6 || total
-------------------------+-------+-------++-------
Melee: Flail             |    99 |   145 ||   244
       Headbutt          |    12 |    30 ||    42
  Use: Scroll            |     1 |     3 ||     4
       Potion            |       |     2 ||     2
  Eat: Pizza             |     1 |       ||     1
       Chunk             |       |     2 ||     2
       Bread ration      |       |     2 ||     2
Armor: Scale mail        |    45 |    70 ||   115
Dodge: Dodged            |    25 |    59 ||    84
Block: Shield            |    48 |    88 ||   136
